 Dungeon Crawl Stone Soup version 0.30-a0-122-g2a1322497e (webtiles) character file.

Game seed: 11560146720398375666

131 KittyKat the Changer (level 4, -1/32 HPs)
             Began as a Demonspawn Transmuter on Sept 15, 2022.
             Slain by Grinder (6 damage)
             ... on level 3 of the Dungeon.
             The game lasted 00:06:23 (3427 turns).

KittyKat the Changer (Demonspawn Transmuter)        Turns: 3427, Time: 00:06:27

Health: -1/32      AC:  2    Str: 11    XL:     4   Next: 91%
Magic:  8/8        EV: 12    Int: 16    God:
Gold:   149        SH:  0    Dex: 13    Spells: 7/8 levels left

rFire   . . .      SeeInvis .      - Unarmed
rCold   . . .      Faith    .    (no shield)
rNeg    . . .      Spirit   .    a - +0 robe
rPois   .          Reflect  .    (no helmet)
rElec   .          Harm     .    (no cloak)
rCorr   .          Rampage  .    (no gloves)
Will    .....                    (no boots)
Stlth   +.........               (no amulet)
HPRegen 0.10/turn                (no ring)
MPRegen 0.11/turn                (no ring)

@: no status effects
A: claws 1, hooves 2
a: no special abilities


You were on level 3 of the Dungeon.
You visited 1 branch of the dungeon, and saw 3 of its levels.

You collected 149 gold pieces.

Inventory:

Missiles
 h - 2 throwing nets
Armour
 a - a +0 robe (worn)
Scrolls
 e - a scroll of immolation {unknown}
 f - a scroll of magic mapping {unknown}
 g - a scroll of enchant weapon {unknown}
 i - a scroll of enchant armour {unknown}
 j - a scroll of noise {unknown}
 m - 2 scrolls of silence {unknown}
Potions
 c - a potion of curing {unknown}
 d - a potion of flight {unknown}
 k - a potion of heal wounds {unknown}
 l - a potion of haste {unknown}
 n - a potion of magic {unknown}


   Skills:
 - Level 1.0 Fighting
 - Level 1.7 Dodging
 + Level 3.4 Unarmed Combat
 + Level 2.8 Spellcasting
 * Level 3.5 Transmutations


You had 7 spell levels left.
You knew the following spells:

 Your Spells              Type           Power      Damage    Failure   Level
a - Beastly Appendage     Tmut           26%        N/A       4%          1

Your spell library contained the following spells:

 Spells                   Type           Power      Damage    Failure   Level
 Wereblood                Tmut           13%        N/A       7%          2
 Spider Form              Tmut/Pois      7%         N/A       28%         3
 Ignite Poison            Fire/Tmut/Pois 6%         N/A       34%         3
 Dazzling Flash           Conj/Hex       4%         N/A       50%         3
 Ice Form                 Ice/Tmut       7%         N/A       67%         4
 Freezing Cloud           Conj/Ice/Air   1%         6-21      99%         5
 Iskenderun's Battlesphe  Conj           2%         2d6       99%         5


Dungeon Overview and Level Annotations

Branches:
Dungeon (3/15)

Altars:

Annotations:
D:3 Grinder


Innate Abilities, Weirdness & Mutations

You have sharp fingernails.
You have hoof-like feet.


Message History

Grinder gestures at you.
You suddenly lose the ability to move!
Grinder blinks!
You can move again.
Unknown command.
You smack Grinder!
Grinder is almost dead.
Grinder hits you but does no damage.
You barely miss Grinder.
Grinder is almost dead.
Grinder blinks!
Grinder blinks!
Grinder gestures at you.
You suddenly lose the ability to move!
Grinder gestures at you. You resist with significant effort.
Grinder gestures at you.
You shrug off the repeated paralysis!
You can move again.
You smack Grinder!
Grinder is almost dead.
Grinder blinks!
Unknown command.
Grinder blinks!
Unknown command.
Your transformation is almost over.
Grinder says, "DUCK!"
Grinder blinks!
Grinder gestures at you.
You suddenly lose the ability to move!
Grinder hits you!
You writhe in agony.
Grinder completely misses you.
You can move again.
You closely miss Grinder.
Grinder is almost dead.
You feel less wooden.
Your +0 robe unmelds from your body.
Grinder hits you!
* * * LOW HITPOINT WARNING * * *
You writhe in agony.
You die...

.... ..........# #.#
..........#.......# #.#
......#...#.......####.#
)...#.#...#............#
...........####........
#.........# #.........
.##.#....$.## #.........
^......5....# #.....>...
#..@....# #.........
###...#.###.........
#..!.)..##.........
.#.##...(...........
#..................##
###.#........#..#..##
#.##.........###.#
.....).......###)##
..######.###......#


You could see Grinder.

Vanquished Creatures
  2 orc priests (D:3)
  2 adders
  3 dart slugs (D:1)
  An orc (D:3)
  A ball python (D:1)
  5 endoplasms
  A giant cockroach (D:2)
  8 hobgoblins
  A quokka (D:2)
  5 bats
  5 frilled lizards (D:1)
  3 goblins
  10 kobolds
  2 rats (D:1)
49 creatures vanquished.

Vanquished Creatures (others)
  14 plants (D:2)
14 creatures vanquished.

Grand Total: 63 creatures vanquished

Notes
Turn   | Place    | Note
-------+----------+-------------------------------------------
     0 | D:1      | KittyKat the Demonspawn Transmuter began the quest for the
                  | Orb.
     0 | D:1      | Reached XP level 1. HP: 15/15 MP: 3/3
   138 | D:1      | Got the Essays on Bolts and Pyromania
   242 | D:1      | Discovered your monstrous ancestry.
   242 | D:1      | Lost mutation: You have razor-sharp toenails. [demonic
                  | ancestry]
   242 | D:1      | Lost mutation: You have sharp toenails. [demonic ancestry]
   242 | D:1      | Gained mutation: You have large cloven feet. [demonic
                  | ancestry]
   242 | D:1      | Reached XP level 2. HP: 4/21 MP: 1/5
   291 | D:1      | HP: 1/21 [bat (1)]
  1355 | D:1      | Gained mutation: You have sharp fingernails. [demonic
                  | ancestry]
  1355 | D:1      | Reached XP level 3. HP: 14/26 MP: 6/6
  2098 | D:2      | Found a faded altar of an unknown god.
  3046 | D:3      | Gained mutation: You have hoof-like feet. [demonic
                  | ancestry]
  3046 | D:3      | Reached XP level 4. HP: 29/32 MP: 6/8
  3380 | D:3      | Noticed Grinder
  3380 | D:3      | Paralysed by Grinder for 5 turns
  3396 | D:3      | Paralysed by Grinder for 5 turns
  3407 | D:3      | Paralysed by Grinder for 5 turns
  3422 | D:3      | Paralysed by Grinder for 5 turns
  3427 | D:3      | Slain by Grinder

Illustrated notes

Levels and vault maps discovered:
D:1:      onia_arrival_mini_spirals, layout_loops_ring, minivault_26,
          kennysheep_pointless_box
D:2:      layout_rooms, shapermc_ecumenical_altar_venn, kennysheep_boxes
D:3:      cheibrodos_old_hovel, layout_rooms, uniq_grinder

Skill      XL: |  1  2  3 |
---------------+----------+-----
Transmutations | 2 3 |  3.5
Unarmed Combat | 3 |  3.4
Fighting       | |  1.0
Dodging        | |  1.7
Spellcasting   | |  2.8

Action                   |  1- 3 |  4- 6 || total
-------------------------+-------+-------++-------
Melee: Unarmed           |   141 |    28 ||   169
       Kick              |    37 |     7 ||    44
       Headbutt          |     6 |       ||     6
       Punch             |     3 |       ||     3
 Cast: Beastly Appendage |    13 |       ||    13
  Use: Potion            |       |     1 ||     1
 Stab: Sleeping          |     1 |       ||     1
Armor: Robe              |    25 |       ||    25
       Skin              |       |     4 ||     4
Dodge: Dodged            |    95 |     9 ||   104

Table legend: (Time is in decaauts)
 A = Elapsed time spent in this place.
 B = Non-inter-level travel time spent in this place.
 C = Inter-level travel time spent in this place.
 D = Time resting spent in this place.
 E = Time spent auto-exploring this place.
 F = Levels seen in this place.
 G = Mean time per level.
                   A        B        C        D        E       F      G
               +--------+--------+--------+--------+--------+-----+--------+
         Total |   3417 |   3417 |      0 |   1644 |   1034 |   3 | 1139.0 |
       Dungeon |   3417 |   3417 |      0 |   1644 |   1034 |   3 | 1139.0 |
               +--------+--------+--------+--------+--------+-----+--------+

Top non-repeatable levels by time:
     D:1: 2092 daAuts
     D:2: 872 daAuts
     D:3: 451 daAuts
